 Dungeon Crawl Stone Soup version 0.18.1-50-g88ac8fd (webtiles) character file.

39729 tognito the Severer (level 13, -4/125 HPs)
             Began as a Minotaur Berserker on Oct 16, 2016.
             Was a High Priest of Trog.
             Killed from afar by a fire giant (14 damage)
             ... with a bolt of fire
             ... on level 15 of the Dungeon.
             The game lasted 00:41:08 (14652 turns).

tognito the Severer (Minotaur Berserker)           Turns: 14652, Time: 00:41:08

Health: -4/125     AC: 27    Str: 27    XL:     13   Next: 70%
Magic:  0/12       EV: 12    Int:  4    God:    Trog [*****.]
Gold:   969        SH:  0    Dex:  9    Spells: 0 memorised, 12 levels left

rFire  . . .     SeeInvis .     b - +3 arbalest (flame)
rCold  . . .     Gourm    .     I - +1 plate armour
rNeg   . . .     Faith    .     (shield currently unavailable)
rPois  .         Spirit   +     (helmet restricted)
rElec  .         Dismiss  .     J - +0 cloak
rCorr  .         Reflect  .     T - +0 pair of gloves
SustAt .         Harm     .     u - +2 pair of boots {Fly}
MR     +....                    B - amulet of guardian spirit
Stlth  ..........               E - ring of protection from magic
                                y - +2 ring of evasion

@: flying, drained, somewhat resistant to hostile enchantments, extremely
unstealthy
A: retaliatory headbutt, horns 2, rough black scales 1
a: Berserk, Trog's Hand, Brothers in Arms, Burn Spellbooks, Renounce Religion,
Stop Flying


You were on level 15 of the Dungeon.
You worshipped Trog.
Trog was extremely pleased with you.
You were near starving.

You visited 1 branch of the dungeon, and saw 15 of its levels.

You collected 969 gold pieces.

Inventory:

Hand Weapons
 a - the +7 war axe of Nedibb {chop, *Confuse +Fly rElec}
   (You acquired it on level 9 of the Dungeon)

   It inflicts extra damage upon your enemies.
   It insulates you from electricity.
   It lets you fly.
   It may confuse you when you take damage.
 b - a +3 arbalest of flaming (weapon)
 p - a +0 hand crossbow
Missiles
 j - 101 bolts (quivered)
Armour
 u - a +2 pair of boots of flying (worn)
 I - a +1 plate armour (worn)
 J - a +0 cloak (worn)
 T - a +0 pair of gloves (worn)
Jewellery
 o - a +5 ring of intelligence
 y - a +2 ring of evasion (left hand)
 B - an amulet of guardian spirit (around neck)
 D - an uncursed ring of stealth
 E - a ring of protection from magic (right hand)
 O - an uncursed ring of protection from fire
 U - a cursed -3 ring of dexterity {unknown}
Wands
 r - a wand of teleportation (3/9)
 w - a wand of flame (23/48)
 A - a wand of slowing (34/48)
 H - a wand of iceblast (6/15)
 L - a wand of slowing (41/48)
 M - a wand of random effects (29/48)
 P - a wand of lightning (11/15)
 Q - a wand of polymorph (12/24)
Scrolls
 d - 6 scrolls of teleportation
 e - 2 scrolls of fear
 g - 2 scrolls of magic mapping
 k - a scroll of recharging
 l - 15 scrolls of identify
 s - 11 scrolls of remove curse
 F - 4 scrolls of enchant armour
 N - a scroll of blinking
Potions
 m - a potion of agility
 q - a potion of cure mutation
 t - 2 potions of invisibility
 x - a potion of berserk rage
 z - a potion of might
 C - 2 potions of heal wounds
 G - 4 potions of curing
 S - 2 potions of brilliance
Miscellaneous
 v - a box of beasts
 K - a plain deck of changes {the Elixir}
Comestibles
 c - 15 bread rations
 f - 13 royal jellies
 h - 7 meat rations
 i - 7 beef jerkies
 n - 10 slices of pizza
 R - 3 fruits


   Skills:
 * Level 14.6(14.3) Fighting
 * Level 17.2(16.9) Axes
 + Level 8.3(8.1) Crossbows
 + Level 12.3(12.0) Armour
 + Level 6.4(6.2) Dodging
   Level 1.6(1.4) Shields


You had 12 spell levels left.
You didn't know any spells.

Dungeon Overview and Level Annotations

Branches:
Dungeon (15/15)            Temple (0/1) D:5            Lair (0/8) D:9
    Orc (0/2) D:11         Vaults (0/5) D:13         Depths (0/5) D:15

Altars:
Ashenzari
Gozag
Kikubaaqudgha
Nemelex Xobeh
Qazlal
Sif Muna
Trog
Vehumet

Shops:
D:12 (

Annotations:
D:14 exclusion: obsidian statue


Innate Abilities, Weirdness & Mutations

You reflexively headbutt those who attack you in melee.
You have a pair of horns on your head.
You are partially covered in rough black scales (AC +4, Dex -1).


Message History

The bolt burns the centaur warrior!
The centaur warrior is severely wounded.
The centaur warrior shoots an arrow.
The arrow barely misses you.
You hear a sizzling splash.
The fire giant points at you and mumbles some strange words.
The bolt of fire hits you!
The fire giant gestures at you while chanting.
The fireball explodes!
The fireball engulfs you!
The centaur warrior shoots an arrow.
The arrow hits you but does no damage.
You see here an arrow.
The centaur warrior shoots an arrow.
The arrow hits you!
* * * LOW HITPOINT WARNING * * *
The centaur warrior shoots an arrow.
The arrow closely misses you.
You see here 2 arrows.
The fire giant points at you and mumbles some strange words.
The bolt of fire hits you!
* * * LOW HITPOINT WARNING * * *
The fire giant gestures at you while chanting.
The bolt of fire hits you!
You die...

... #..##### ...##... #.......
........ #....... ........
#....... .. ...... ###...... ...
..... ###....##########...
...####........[..........
...##...........@.........
.....................C....
.......+##.....≈≈.§.§≈....
..#......#....≈§≈≈.§≈≈≈.......
..+......#...≈≈#≈(§≈≈#≈§.......
..#......#...≈≈≈≈§(≈≈§§§c(......
..#......#...≈≈≈..(..§§≈.(......#
..#......#...§#≈≈.>(≈≈#§§.......#
..#......#.!§§≈≈....(§≈≈c........


You could see a fire giant.

Vanquished Creatures
  Snorg (D:11)
  A fire dragon (D:13)
  2 vault guards (D:13)
  A slime creature (D:14)
  Fannar (D:10)
  A hydra (D:12)
  The ghost of Korbac the Spear-Bearer, a novice NaGl of Nemelex Xobeh (D:11)
  A centaur warrior (D:13)
  Urug (D:14)
  The ghost of Korbac the Covered, a novice HuFi (D:7)
  3 unseen horrors
  2 wizards (D:13)
  4 hill giants
  Pikel (D:6)
  A deep elf mage (D:14)
  2 necromancers (D:13)
  3 cyclopes
  2 griffons
  3 ugly things
  A gargoyle (D:13)
  The ghost of HopefulHyena the Cleaver, a novice MiBe of Trog (D:6)
  An efreet (D:14)
  3 kobold demonologists
  2 freezing wraiths
  A yaktaur (D:13)
  A komodo dragon (D:10)
  The ghost of tognito the Chopper, an amateur MiBe of Trog (D:4)
  5 trolls
  A queen bee (D:9)
  A two-headed ogre (D:12)
  A centaur simulacrum (D:14)
  4 shadows
  17 humans
  6 orc warriors
  A wraith (D:14)
  Eustachio (D:4)
  2 wyverns
  A hog (shapeshifter) (D:13)
  3 hippogriffs
  7 yaks (D:11)
  2 vampire mosquitoes (D:14)
  3 hungry ghosts
  A mottled dragon (D:14)
  Menkaure (D:5)
  A steam dragon (D:11)
  A soldier ant (D:14)
  A water moccasin (D:11)
  Duvessa (D:6)
  A swamp drake (D:11)
  3 sky beasts
  2 wasps
  2 black bears
  4 ice beasts
  2 phantoms
  A necrophage (D:7)
  8 ogres
  5 centaurs
  2 crocodiles
  A gnoll sergeant (D:10)
  8 big kobolds
  13 giant frogs
  2 wyvern zombies
  4 scorpions
  Dowan (D:6)
  33 killer bees
  8 howler monkeys
  An electric eel (D:13)
  3 crimson imps
  2 quasits
  5 centaur zombies
  14 orc priests
  5 giant frog zombies
  4 hounds
  A jelly (D:12)
  Crazy Yiuf (D:5)
  A gnoll shaman (D:9)
  3 giant frog skeletons
  11 orc wizards
  5 centaur skeletons
  Jessica (D:3)
  Natasha (thrice) (D:4)
  4 iguanas
  13 worker ants
  4 sheep (D:7)
  A hound zombie (D:5)
  A hound skeleton (D:7)
  A howler monkey zombie (D:8)
  11 adders
  7 gnolls
  5 shadow imps
  An ooze (D:2)
  4 adder skeletons
  4 worms
  A dart slug (D:1)
  A giant gecko (D:5)
  36 orcs
  3 ball pythons
  6 bats
  7 giant cockroaches
  7 goblins
  4 hobgoblins
  7 jackals (D:1)
  4 quokkas
  A giant cockroach zombie (D:5)
  A giant gecko skeleton (D:6)
  2 giant gecko zombies
  3 giant newts
  A jackal zombie (D:5)
  32 kobolds
  A quokka skeleton (D:7)
  10 rats
447 creatures vanquished.

Vanquished Creatures (collateral kills)
  A hydra (D:13)
  A cyclops (D:13)
  An ugly thing (D:13)
  A troll (D:13)
  A human (D:13)
  An eye of draining (D:13)
  3 centaurs (D:13)
  2 killer bees (D:13)
  A hound (D:13)
12 creatures vanquished.

Vanquished Creatures (others)
  A slave (D:6)
  An orc wizard (D:6)
  4 orcs (D:6)
6 creatures vanquished.

Grand Total: 465 creatures vanquished

Notes
Turn   | Place    | Note
--------------------------------------------------------------
     0 | D:1      | tognito the Minotaur Berserker began the quest for the Orb.
     0 | D:1      | Reached XP level 1. HP: 19/19 MP: 0/0
   295 | D:1      | Reached XP level 2. HP: 27/27 MP: 1/1
   297 | D:1      | Reached skill level 4 in Axes
   374 | D:1      | Reached XP level 3. HP: 33/34 MP: 2/2
   456 | D:1      | Reached ** piety under Trog
  1095 | D:2      | Reached XP level 4. HP: 39/41 MP: 3/3
  1111 | D:2      | Found an opulent altar of Gozag.
  1446 | D:2      | Found a sparkling altar of Nemelex Xobeh.
  1562 | D:3      | Reached skill level 5 in Fighting
  1649 | D:3      | Noticed a giant frog
  1662 | D:3      | Killed a giant frog
  1662 | D:3      | Reached skill level 5 in Axes
  1662 | D:3      | Reached XP level 5. HP: 23/48 MP: 4/4
  1870 | D:3      | Found a bloodstained altar of Trog.
  1896 | D:3      | Noticed Jessica
  1908 | D:3      | Killed Jessica
  2197 | D:3      | Found a deep blue altar of Sif Muna.
  2315 | D:3      | You fall through a shaft for 2 floors!
  2315 | D:5      | Entered Level 5 of the Dungeon
  2355 | D:5      | Reached XP level 6. HP: 56/56 MP: 5/5
  2438 | D:4      | Noticed tognito's ghost (amateur MiBe)
  2441 | D:4      | Reached *** piety under Trog
  2463 | D:4      | Reached skill level 5 in Armour
  2471 | D:4      | Killed tognito's ghost
  2471 | D:4      | Reached skill level 6 in Axes
  2471 | D:4      | Reached XP level 7. HP: 26/63 MP: 6/6
  2726 | D:4      | Received a gift from Trog
  2782 | D:4      | Noticed Eustachio
  2792 | D:4      | Killed Eustachio
  2813 | D:4      | Noticed Natasha
  2818 | D:4      | Killed Natasha
  2924 | D:4      | Noticed Natasha
  2933 | D:4      | Killed Natasha
  2963 | D:4      | Noticed Natasha
  2974 | D:4      | Killed Natasha
  3065 | D:5      | Reached skill level 7 in Axes
  3065 | D:5      | Reached XP level 8. HP: 71/71 MP: 7/7
  3328 | D:5      | Reached skill level 5 in Dodging
  3476 | D:5      | Found a staircase to the Ecumenical Temple.
  3515 | D:5      | Reached skill level 8 in Axes
  3541 | D:5      | Noticed Crazy Yiuf
  3545 | D:5      | Killed Crazy Yiuf
  3757 | D:5      | Noticed Menkaure
  3761 | D:5      | Killed Menkaure
  4249 | D:6      | Noticed HopefulHyena's ghost (novice MiBe)
  4262 | D:6      | Killed HopefulHyena's ghost
  4262 | D:6      | Reached skill level 9 in Axes
  4262 | D:6      | Reached XP level 9. HP: 46/81 MP: 8/8
  4296 | D:6      | Noticed Pikel
  4315 | D:6      | Killed Pikel
  4725 | D:6      | Reached skill level 10 in Axes
  5013 | D:6      | Noticed Dowan
  5016 | D:6      | Noticed Duvessa
  5020 | D:6      | Killed Dowan
  5025 | D:6      | Killed Duvessa
  5617 | D:7      | Noticed Korbac's ghost (novice HuFi)
  5633 | D:7      | Killed Korbac's ghost
  5633 | D:7      | Reached skill level 11 in Axes
  5633 | D:7      | Reached XP level 10. HP: 42/91 MP: 9/9
  6406 | D:7      | Reached **** piety under Trog
  6515 | D:7      | Found a radiant altar of Vehumet.
  7436 | D:8      | Found a stormy altar of Qazlal.
  7547 | D:9      | Reached skill level 10 in Fighting
  7574 | D:9      | Reached skill level 12 in Axes
  7606 | D:9      | Reached skill level 1 in Shields
  8184 | D:9      | Reached skill level 1 in Crossbows
  8208 | D:9      | Reached ***** piety under Trog
  8215 | D:9      | Reached skill level 10 in Armour
  8217 | D:9      | Found a staircase to the Lair.
  8291 | D:9      | Identified a scroll of acquirement
  8292 | D:9      | Got a smoking war axe
  8293 | D:9      | Identified the +7 war axe of Nedibb {chop, *Confuse +Fly rElec} (You acquired it on level 9 of the Dungeon)
  8321 | D:9      | Found an ancient bone altar of Kikubaaqudgha.
  8321 | D:9      | Found a shattered altar of Ashenzari.
  8557 | D:10     | Entered Level 10 of the Dungeon
  8680 | D:10     | Noticed Fannar
  8692 | D:10     | Killed Fannar
  8788 | D:10     | Reached XP level 11. HP: 99/102 MP: 10/10
  9208 | D:10     | Gained mutation: You are partially covered in rough black scales (AC +4, Dex -1). [potion of beneficial mutation]
  9434 | D:11     | Noticed Snorg
  9449 | D:11     | Killed Snorg
  9449 | D:11     | Reached skill level 13 in Axes
  9799 | D:11     | Noticed a white ugly thing
  9813 | D:11     | Killed a white ugly thing
 10150 | D:11     | Noticed a hill giant
 10150 | D:11     | Received a gift from Trog
 10161 | D:11     | Killed a hill giant
 10196 | D:11     | Noticed Korbac's ghost (novice NaGl)
 10213 | D:11     | Killed Korbac's ghost
 10241 | D:11     | Found a staircase to the Orcish Mines.
 10316 | D:11     | Killed an unseen horror
 10316 | D:11     | Reached skill level 14 in Axes
 10721 | D:12     | Noticed a four-headed hydra
 10725 | D:12     | Killed a four-headed hydra
 10725 | D:12     | Reached XP level 12. HP: 103/113 MP: 9/11
 10953 | D:12     | Reached skill level 5 in Crossbows
 11197 | D:12     | Found Vifuuffagu's Antique Weapon Boutique.
 11296 | D:13     | Noticed a centaur warrior
 11303 | D:13     | Killed a centaur warrior
 11311 | D:13     | Noticed a fire dragon
 11331 | D:13     | Killed a fire dragon
 11653 | D:13     | Reached skill level 15 in Axes
 11670 | D:13     | Noticed a five-headed hydra
 11672 | D:13     | Killed a five-headed hydra
 11753 | D:13     | Received a gift from Trog
 12064 | D:13     | Received a gift from Trog
 12064 | D:13     | Reached XP level 13. HP: 107/123 MP: 9/12
 12117 | D:13     | Found a gate to the Vaults.
 12117 | D:13     | Noticed a vault guard
 12117 | D:13     | Noticed a vault guard
 12130 | D:13     | Killed a vault guard
 12135 | D:13     | Killed a vault guard
 12135 | D:13     | Reached skill level 16 in Axes
 12478 | D:14     | Received a gift from Trog
 12601 | D:14     | Noticed Urug
 12612 | D:14     | Killed Urug
 12634 | D:14     | HP: 5/124 [vampire mosquito (5)]
 13460 | D:14     | Reached skill level 17 in Axes
 13539 | D:14     | Received a gift from Trog
 14213 | D:15     | Entered Level 15 of the Dungeon
 14246 | D:15     | Found a staircase to the Depths.
 14246 | D:15     | Noticed a fire giant
 14652 | D:15     | Killed from afar by a fire giant

Skill      XL: |  1  2  3  4  5  6  7  8  9 10 11 12 13 |
---------------+----------------------------------------+-----
Fighting       | 4 5 6 8 9 11 12 13 14 | 14.6
Axes           | 4 5 6 7 9 11 12 14 15 17 | 17.2
Armour         | 3 4 5 6 7 8 10 11 12 | 12.3
Dodging        | 3 4 5 6 |  6.4
Shields        | 1 |  1.6
Crossbows      | 1 4 7 8 |  8.3

Action                   |  1- 3 |  4- 6 |  7- 9 | 10-12 | 13-15 || total
-------------------------+-------+-------+-------+-------+-------++-------
Melee: Hand axe          |    83 |   119 |   245 |   221 |       ||   668
       Headbutt          |    12 |    22 |    55 |    98 |    44 ||   231
       War axe           |       |       |       |   346 |   210 ||   556
       Arbalest          |       |       |       |       |     1 ||     1
 Fire: Hand crossbow     |       |       |       |    61 |       ||    61
       Arbalest          |       |       |       |    88 |    43 ||   131
Throw: Tomahawk          |       |       |     3 |     1 |       ||     4
Invok: Berserk           |       |     1 |       |       |     2 ||     3
       Trog's Hand       |       |       |     1 |     3 |     2 ||     6
       Burn Spellbooks   |       |       |       |     2 |     1 ||     3
       Brothers in Arms  |       |       |       |     2 |     1 ||     3
Evoke: Wand              |       |       |       |     1 |       ||     1
  Use: Potion            |     5 |     1 |     4 |     5 |       ||    15
       Scroll            |       |       |       |    16 |     1 ||    17
 Stab: Sleeping          |     1 |       |       |       |       ||     1
  Eat: Chunk             |     1 |     4 |    12 |    21 |     8 ||    46
       Fruit             |       |       |       |     4 |     1 ||     5
Armor: Animal skin       |     4 |       |       |       |       ||     4
       Ring mail         |    19 |     1 |       |       |       ||    20
       Scale mail        |       |    42 |     6 |       |       ||    48
       Chain mail        |       |       |    58 |       |       ||    58
       Plate armour      |       |       |    29 |   426 |   157 ||   612
Dodge: Dodged            |    52 |    56 |   129 |   335 |   109 ||   681
Block: Buckler           |       |       |       |    40 |       ||    40
